 Dungeon Crawl Stone Soup version 0.30.0-30-g96aa6591b8 (webtiles) character file.

Game seed: 1306428557511526503

1998 Peloso the Carver (level 9, 0/77 HPs)
             Began as a Minotaur Fighter on June 26, 2023.
             Slain by an ice beast (7 damage)
             ... on level 6 of the Dungeon.
             The game lasted 00:11:31 (5318 turns).

Peloso the Carver (Minotaur Fighter)                Turns: 5318, Time: 00:11:31

Health: 0/77       AC: 11    Str: 24    XL:     9   Next: 2%
Magic:  8/8        EV:  9    Int:  5    God:
Gold:   298        SH:  5    Dex: 11    Spells: 8/8 levels left

rFire   . . .        a - +0 long sword
rCold   . . .        d - +0 buckler
rNeg    . . .        c - +0 chain mail
rPois   .            (helmet restricted)
rElec   .            (no cloak)
rCorr   .            (no gloves)
SInv    .            (no boots)
Will    .....        (no amulet) Stlth
                     (no ring)
HPRegen 0.32/turn    (no ring)
MPRegen 0.11/turn

%: no passive effects
@: no status effects
A: horns 2, retaliatory headbutt
a: no special abilities


You were on level 6 of the Dungeon.
You visited 1 branch of the dungeon, and saw 6 of its levels.

You collected 318 gold pieces.
You spent 20 gold pieces at shops.

Inventory:

Hand Weapons
 a - a +0 long sword (weapon)
Armour
 b - a +0 scale mail
 c - a +0 chain mail (worn)
 d - a +0 buckler (worn)
Jewellery
 y - a ring of protection from cold
 z - a ring of willpower
Wands
 i - a wand of flame (20)
Scrolls
 g - 2 scrolls of fear
 j - a scroll of immolation
 p - a scroll of magic mapping {unknown}
 q - 2 scrolls of poison
 s - a scroll of noise
 t - 2 scrolls of amnesia
 u - a scroll of teleportation {unknown}
 v - a scroll of silence {unknown}
 w - 2 scrolls of identify
Potions
 e - 2 potions of resistance
 f - a potion of flight
 h - a potion of curing
 k - a potion of cancellation {unknown}
 l - 2 potions of invisibility
 m - 2 potions of might
 n - 2 potions of brilliance {unknown}
 o - a potion of magic {unknown}
 r - a potion of haste
 x - a potion of attraction {unknown}


   Skills:
 + Level 6.3 Fighting
 + Level 9.0 Long Blades
 + Level 9.0 Armour
 + Level 2.4 Dodging
 + Level 0.7 Stealth
 + Level 5.5 Shields


You had 8 spell levels left.
You didn't know any spells.
Your spell library contained the following spells:

 Spells                   Type           Power      Damage    Failure   Level
 Apportation              Tloc           0%         N/A       96%         1
 Necrotise                Necr           0%         1d4       96%         1
 Ensorcelled Hibernation  Hex/Ice        0%         N/A       99%         2
 Passwall                 Tmut/Erth      0%         N/A       99%         2
 Call Canine Familiar     Summ           0%         N/A       100%        3
 Portal Projectile        Hex/Tloc       0%         N/A       100%        3
 Swiftness                Air            0%         N/A       100%        3
 Teleport Other           Tloc           0%         N/A       100%        3
 Vampiric Draining        Necr           0%         2d6       100%        3
 Vhi's Electric Charge    Tloc/Air       0%         N/A       100%        3
 Leda's Liquefaction      Hex/Erth       0%         N/A       100%        4
 Agony                    Necr           0%         N/A       100%        5
 Dispersal                Tloc           0%         N/A       100%        6


Dungeon Overview and Level Annotations

Branches:
Dungeon (6/15)
 Temple: D:4-7

Altars:

Shops:
D:2 *:   D:4 *

Annotations:
D:5 1 runed translucent door, polpettosauro's ghost, novice MiFi
D:6 Dowan; Duvessa


Innate Abilities, Weirdness & Mutations

You have a pair of horns on your head.
You reflexively headbutt those who attack you in melee.


Message History

The iguana bites you but does no damage.
You hit the iguana but do no damage. Your headbutt misses the iguana.
The iguana is severely wounded.
You hit the iguana.
The iguana is severely wounded.
The iguana bites you but does no damage.
You barely miss the iguana. Your headbutt misses the iguana.
The iguana is severely wounded.
The iguana bites you!
* * * LOW HITPOINT WARNING * * *
You hit the iguana but do no damage.
The iguana is severely wounded.
You block the iguana's attack.
You barely miss the iguana.
The iguana is severely wounded.
The iguana bites you!
* * * LOW HITPOINT WARNING * * *
The ice beast barely misses you.
You closely miss the iguana.
The iguana is severely wounded.
The iguana barely misses you. You block the ice beast's attack.
Unknown command.
You hit the iguana. You headbutt the iguana.
You kill the iguana!
You block the ice beast's attack.
The ice beast hits you but does no damage.
Your Armour skill increases to level 9!
Unknown command.
You slash the ice beast!
The ice beast is heavily wounded.
The ice beast hits you.
* * * LOW HITPOINT WARNING * * *
The ice beast freezes you.
* * * LOW HITPOINT WARNING * * *
You slash the ice beast!
The ice beast is severely wounded.
The ice beast hits you.
* * * LOW HITPOINT WARNING * * *
The ice beast freezes you!
You die...

~~~.~~ ~......####
~~.~~♣ ♣......... ..~~♣
♣♣♣♣..# ..~.♣ ♣.....# #
.♣~~ ♣♣.....## ###.# .♣
♣.......###....# .♣♣
♣.........>.#
.##.##....##...#####
.##.......##...Y@..#
######........†###.#
.........##.#.†# #...
..............?..#...#
.............$.........
.........##...........##
#.##........#.#.......#
#.##.#...#............#
..#..###......#.......


You could see an ice beast.

Vanquished Creatures
  Pikel (D:4)
  Maggie (D:6)
  An ice beast (D:6)
  A black bear (D:6)
  An ogre (D:5)
  2 phantoms (D:5)
  A bullfrog (D:5)
  3 scorpions
  A howler monkey (D:6)
  2 hounds
  7 iguanas
  2 orc wizards (D:5)
  A gnoll (D:1)
  10 adders
  2 shadow imps
  2 white imps
  6 worms
  A dart slug (D:4)
  12 orcs
  3 ball pythons
  8 endoplasms
  2 giant cockroaches (D:2)
  11 goblins
  12 hobgoblins
  6 jackals
  3 kobolds
  2 quokkas (D:2)
  7 bats
  3 frilled lizards
  4 rats
118 creatures vanquished.

Notes
Turn   | Place    | Note
-------+----------+-------------------------------------------
     0 | D:1      | Peloso the Minotaur Fighter began the quest for the Orb.
     0 | D:1      | Reached XP level 1. HP: 19/19 MP: 0/0
   103 | D:1      | You fall into a shaft and drop 1 floor!
   121 | D:2      | Found Ipaulu Ylla's Book Emporium.
   187 | D:2      | Reached XP level 2. HP: 21/27 MP: 1/1
   363 | D:2      | Reached XP level 3. HP: 33/33 MP: 2/2
   405 | D:2      | Reached skill level 1 in Dodging
   433 | D:2      | Found Dauttiwn's Assorted Antiques.
   439 | D:2      | Bought a scroll labelled ELAF RAMAJOSE for 20 gold pieces
   547 | D:2      | Reached XP level 4. HP: 40/40 MP: 3/3
  1176 | D:1      | Got the Secrets of the Heron
  2198 | D:3      | Reached XP level 5. HP: 46/46 MP: 4/4
  2574 | D:4      | Reached skill level 5 in Armour
  2826 | D:4      | Found Gixi's Lightly-Used Armoury.
  3300 | D:5      | Entered Level 5 of the Dungeon
  3303 | D:5      | Noticed Pikel
  3303 | D:5      | Noticed a lemure
  3303 | D:5      | Noticed a lemure
  3309 | D:5      | Noticed a lemure
  3311 | D:5      | Noticed a lemure
  3331 | D:4      | Killed Pikel
  3332 | D:4      | Reached skill level 5 in Fighting
  3332 | D:4      | Reached XP level 6. HP: 8/56 MP: 5/5
  3332 | D:4      | Reached XP level 7. HP: 8/61 MP: 6/6
  3664 | D:5      | Found a runed translucent door.
  3671 | D:5      | Noticed polpettosauro's ghost (novice MiFi)
  4291 | D:5      | Identified the +3 battleaxe "Hydraslayer" {freeze, *Slow
                  | rN+ Str+3 Dex+2}
  4408 | D:5      | Reached XP level 8. HP: 60/69 MP: 7/7
  4733 | D:6      | Noticed Duvessa
  4736 | D:6      | Noticed Dowan
  4884 | D:5      | Reached skill level 5 in Shields
  4943 | D:6      | Noticed Maggie
  4960 | D:6      | Killed Maggie
  5306 | D:6      | Reached XP level 9. HP: 38/77 MP: 8/8
  5318 | D:6      | Slain by an ice beast

Illustrated notes

Levels and vault maps discovered:
D:1:      dpeg_arrival_round_c, layout_rooms, chequers_jeans,
          minmay_strange_pillars
D:2:      layout_loops_ring, serial_shops, nicolae_shop_rolling_square, shop,
          minmay_three_crescents
D:3:      layout_loops_ring, minmay_diced_spiral
D:4:      layout_loops_ring, minmay_shop_damaged, minmay_tree_intersection
D:5:      layout_gridville, ebering_ghost_reflecting_pool, uniq_pikel
D:6:      layout_rooms, minmay_temple_entry_statues_fountains,
          serial_bayou_crossing, uniq_duvessa, uniq_menkaure, uniq_maggie

Skill      XL: |  1  2  3  4  5  6  7  8  9 |
---------------+----------------------------+-----
Shields        | 4 5 |  5.5
Armour         | 4 6 7 8 9 |  9.0
Fighting       | 4 5 6 |  6.3
Long Blades    | 3 4 6 7 9 |  9.0
Dodging        | 1 2 |  2.4
Stealth        | |  0.7

Action                     |  1- 3 |  4- 6 |  7- 9 || total
---------------------------+-------+-------+-------++-------
  Melee: Long sword        |    77 |   127 |   170 ||   374
         Headbutt          |    14 |    20 |    27 ||    61
    Use: Scroll            |       |    11 |       ||    11
         Potion            |       |     5 |       ||     5
 Armour: Scale mail        |    49 |    35 |       ||    84
         Chain mail        |       |    18 |    75 ||    93
  Dodge: Dodged            |    46 |    47 |    64 ||   157
  Block: Buckler           |    13 |    31 |    51 ||    95
